 Dungeon Crawl Stone Soup version 0.22-a0-407-gb098539 (webtiles) character file.

95 dstrtnsr the Chopper (level 4, -2/41 HPs)
             Began as a Hill Orc Berserker on May 9, 2018.
             Was a Follower of Trog.
             Slain by a scorpion (7 damage)
             ... on level 4 of the Dungeon.
             The game lasted 00:00:49 (1010 turns).

dstrtnsr the Chopper (Hill Orc Berserker)           Turns: 1010, Time: 00:00:50

Health: -2/41      AC:  8    Str: 20    XL:     4   Next: 65%
Magic:  4/4        EV:  8    Int:  7    God:    Trog [*.....]
Gold:   46         SH:  0    Dex: 10    Spells: 3/3 levels left

rFire    . . .     SeeInvis .   a - +1 hand axe
rCold    . . .     Gourm    .   (no shield)
rNeg     . . .     Faith    .   d - +0 chain mail
rPois    .         Spirit   .   (no helmet)
rElec    .         Reflect  .   (no cloak)
rCorr    .         Harm     .   (no gloves)
MR       .....                  (no boots)
Stlth    ..........             c - amulet of the acrobat
HPRegen  0.13/turn              (no ring)
MPRegen  0.09/turn              (no ring)

@: lethally poisoned (-2 -> -6), berserk cooldown, slowed, very slow
A: no striking features
a: Berserk, Renounce Religion


You were on level 4 of the Dungeon.
You worshipped Trog.
Trog was aware of your devotion.
You were very hungry.

You visited 1 branch of the dungeon, and saw 4 of its levels.

You collected 46 gold pieces.

Inventory:

Hand Weapons
 a - a +1 hand axe (weapon)
Armour
 d - a +0 chain mail (worn)
Jewellery
 c - an amulet of the acrobat (around neck)
Comestibles
 b - 5 chunks of flesh
 e - 4 rations {!d}


   Skills:
 + Level 4.6 Fighting
 * Level 6.1 Axes
 - Level 2.1 Armour
 - Level 1.5 Dodging


You had 3 spell levels left.
You didn't know any spells.

Dungeon Overview and Level Annotations

Branches:
Dungeon (4/15)
 Temple: D:4-7

Altars:


Message History

No target in view!
No target in view!
No target in view!
No target in view!
No target in view!
No target in view!
No target in view!
No target in view!
No target in view!
No target in view!
No target in view!
No target in view!
No target in view!
You now have 46 gold pieces (gained 7).
You butcher the orc corpse.
b - 5 chunks of flesh (gained 3)
Things that are here:
a hand axe; an orc skeleton
Things that are here:
a hand axe; an orc skeleton
There is a stone staircase leading down here.
You climb downwards.
A worker ant, 3 orcs and an orc priest come into view.
The orc priest is wielding a whip of flaming.
The orc shouts!
The orc priest shouts, "Surrender to Beogh and we'll let you live!" (press Y on the ability menu to convert to Beogh)
The orc priest shouts!
The orc shouts!
The worker ant twitches its antennae in your direction.
Found a scroll labeled BUP CUNENU and a hunting sling.
There is a stone staircase leading up here.
A red film seems to cover your vision as you go berserk!
You feel yourself moving faster!
You feel mighty!
You are feeling very hungry.
The orc priest looks satisfied for a moment.
You feel a strong urge to attack something.
The orc priest shouts, "Surrender to Beogh and we'll let you live!"
You slash the orc priest!
The orc priest shouts, "Surrender to Beogh and we'll let you live!"
The orc priest is heavily wounded.
You hit the worker ant. You slash the orc!
You kill the orc!
Trog accepts your kill.
The orc priest threatens, "By the altar or by the axe, you will meet Beogh!"
The orc priest invokes the aid of Beogh against you.
Pain shoots through your body! The worker ant misses you.
A scorpion comes into view.
You slash the orc priest!
You kill the orc priest!
Trog accepts your kill.
You have reached level 4!
You hit the worker ant. You closely miss the worker ant.
The worker ant is heavily wounded.
The worker ant bites you but does no damage.
You hit the worker ant.
The worker ant is heavily wounded.
The worker ant closely misses you.
You slash the worker ant!
You kill the worker ant!
Trog accepts your kill.
Your Axes skill increases to level 6!
You hit the orc. You slash the orc!
You kill the orc!
Trog accepts your kill. The orc barely misses you.
You slash the orc!
You kill the orc!
Trog accepts your kill.
You feel a strong urge to attack something.
You are no longer berserk.
You are exhausted.
You feel yourself slow down. The scorpion completely misses you.
You barely miss the scorpion. The scorpion stings you!
You barely miss the scorpion. The scorpion completely misses you.
The scorpion stings you.
You are poisoned.
The scorpion poisons you!
You hit the scorpion but do no damage.
You feel sick.
The scorpion stings you but does no damage.
You hit the scorpion but do no damage.
You feel sick. The scorpion stings you.
* * * LOW HITPOINT WARNING * * *
The scorpion stings you but does no damage.
You are too injured to fight recklessly!
Unknown command.
You aren't carrying any potions.
Unknown command.
As you read the scroll labeled SEENATH DIDULA, it crumbles to dust.
It is a scroll of enchant weapon.
Your +0 hand axe glows red for a moment.
You feel sick. The scorpion stings you.
* * * LOW HITPOINT WARNING * * *
Unknown command.
You are too injured to fight recklessly!
You are too injured to fight recklessly!
You are too injured to fight recklessly!
You are too injured to fight recklessly!
You closely miss the scorpion.
* * * LOW HITPOINT WARNING * * *
You feel sick. The scorpion stings you!
You die...

##..###..#...
......#.....#
............###
..............##
............)...
.........)......
#......<.)......
#..?.....)......
#......@........
#......s........
#..............#
..............##
#..#.#...#....#
#......#.#.#...
....... ...##..
...... .. ..


You could see a scorpion.

Vanquished Creatures
  An orc priest (D:4)
  A worker ant (D:4)
  An adder (D:3)
  An ooze (D:1)
  A dart slug (D:1)
  A leopard gecko (D:2)
  6 orcs
  2 giant cockroaches (D:2)
  3 goblins
  A hobgoblin (D:2)
  A quokka (D:2)
  A ball python (D:2)
  2 frilled lizards
  A kobold (D:2)
  A rat (D:3)
24 creatures vanquished.

Notes
Turn   | Place    | Note
-------+----------+-------------------------------------------
     0 | D:1      | dstrtnsr the Hill Orc Berserker began the quest for the Orb.
     0 | D:1      | Reached XP level 1. HP: 19/19 MP: 1/1
   173 | D:1      | Reached XP level 2. HP: 22/27 MP: 2/2
   373 | D:2      | HP: 10/27 [poisoned by a goblin]
   378 | D:2      | HP: 7/27 [poisoned by a goblin]
   385 | D:2      | HP: 5/27 [poisoned by a goblin]
   392 | D:2      | HP: 3/27 [poisoned by a goblin]
   400 | D:2      | HP: 2/27 [poisoned by a goblin]
   709 | D:3      | Reached skill level 5 in Axes
   709 | D:3      | Reached XP level 3. HP: 31/33 MP: 3/3
   998 | D:4      | Noticed a scorpion
   998 | D:4      | Reached XP level 4. HP: 41/41 MP: 4/4
  1001 | D:4      | Reached skill level 6 in Axes
  1008 | D:4      | HP: 16/41 [poisoned by a scorpion]
  1009 | D:4      | HP: 6/41 [scorpion (5)]
  1010 | D:4      | Slain by a scorpion

Vault maps used:
D:1:      onia_arrival_mini_spirals
D:2:      cheibrodos_old_hovel, overflow_temple_1_default,
          kiku_gazebo_garden_becter, first_ration
D:4:      minmay_temple_entry_poolview, guppyfry_early_lair_pool, uniq_robin,
          uniq_pikel

Skill      XL: |  1  2  3  4 |
---------------+-------------+-----
Fighting       | 4 |  4.6
Axes           | 5 6 |  6.1
Armour         | |  2.1
Dodging        | |  1.5

Action                   |  1- 3 |  4- 6 || total
-------------------------+-------+-------++-------
Melee: Hand axe          |    71 |     9 ||    80
Invok: Berserk           |     1 |       ||     1
  Use: Scroll            |       |     1 ||     1
Armor: Animal skin       |     4 |       ||     4
       Chain mail        |    11 |     3 ||    14
Dodge: Dodged            |    49 |     4 ||    53

Table legend:
 A = Spawn XP
 B = Non-spawn XP
 C = Spawn XP percentage of total XP
 D = Spawn monster count
 E = Non-spawn monster count
 F = Spawn count percentage of total count
 G = Total turns spent on level
                    A         B        C        D         E        F      G
               +---------+---------+-------+---------+---------+-------+---------
         Total |       0 |     136 |   0.0 |       0 |      24 |   0.0 |  1010
               +---------+---------+-------+---------+---------+-------+---------
           D:1 |       0 |      11 |   0.0 |       0 |       2 |   0.0 |   179
           D:2 |       0 |      17 |   0.0 |       0 |      10 |   0.0 |   494
           D:3 |       0 |      26 |   0.0 |       0 |       7 |   0.0 |   321
           D:4 |       0 |      82 |   0.0 |       0 |       5 |   0.0 |    16
               +---------+---------+-------+---------+---------+-------+---------
